 Seeded DCSS version 0.31-a0-365-gcf821cafb2 (webtiles) character file.

Game seed: 4560444620379715527 (custom seed)

105 MegasTu the Trooper (level 4, -1/35 HPs)
             Began as a Demonspawn Fighter on July 28, 2023.
             Killed by nerve-wracking pain
             ... invoked by an orc priest
              (7 damage)
             ... on level 3 of the Dungeon.
             The game lasted 00:04:22 (1875 turns).

MegasTu the Trooper (Demonspawn Fighter)            Turns: 1875, Time: 00:04:23

Health: -1/35      AC:  8    Str: 18    XL:     4   Next: 54%
Magic:  4/4        EV:  9    Int:  9    God:
Gold:   100        SH:  4    Dex: 13    Spells: 3/3 levels left

rFire   + . .        g - +2 dagger (pain)
rCold   . . .        c - +0 buckler
rNeg    . . .        b - +0 scale mail
rPois   .            (no helmet)
rElec   .            (no cloak)
rCorr   .            (no gloves)
SInv    .            (no boots)
Will    .....        (no amulet) Stlth
                     q - ring of protection from fire
HPRegen 0.25/turn    (no ring)
MPRegen 0.18/turn

%: no passive effects
@: mighty
A: molten scales 1, magic regeneration, weakness stinger 1
a: no special abilities


You were on level 3 of the Dungeon.
You visited 1 branch of the dungeon, and saw 3 of its levels.

You collected 100 gold pieces.

Inventory:

Hand Weapons
 a - a +0 long sword
 f - a +2 sling of freezing
 g - a +2 dagger of pain (weapon)
Armour
 b - a +0 scale mail (worn)
 c - a +0 buckler (worn)
Jewellery
 q - a ring of protection from fire (left hand)
Scrolls
 e - 4 scrolls of teleportation {unknown}
 h - a scroll of identify {unknown}
 j - a scroll of torment {unknown}
 k - a scroll of revelation {unknown}
 m - a scroll of enchant weapon {unknown}
 n - a scroll of noise {unknown}
Potions
 d - 2 potions of might
 i - a potion of magic {unknown}
 l - a potion of curing {unknown}
 o - a potion of lignification {unknown}
 p - 2 potions of attraction {unknown}


   Skills:
 - Level 3.5 Fighting
 + Level 3.1 Long Blades
 - Level 3.2 Armour
 - Level 3.2 Shields


You had 3 spell levels left.
You didn't know any spells.
Your spell library was empty.

Dungeon Overview and Level Annotations

Branches:
Dungeon (3/15)

Altars:


Innate Abilities, Weirdness & Mutations

You are partially covered in molten scales. (AC +2)
You regenerate magic rapidly.
You have a small tail.


Message History

You hit the orc.
You tail-slap the orc, but do no damage.
The orc is moderately wounded.
The orc closely misses you. You block the orc's attack.
You hit the orc.
The orc is heavily wounded.
The orc hits you from afar with a +0 trident!
The orc barely misses you.
You are too injured to fight recklessly!
You are too injured to fight recklessly!
You block the orc's attack.
You see here a scroll labelled ZIV SOTROGHIF.
You have a feeling of ineptitude.
g - a +2 dagger of pain (weapon)
The orc barely misses you. The orc closely misses you.
You hit the orc but do no damage.
You tail-slap the orc, but do no damage.
The orc is heavily wounded.
You block the orc's attack. The orc hits you with a +0 club.
The orc priest begins to cast a cantrip, but forgets the words!
Items here: ( ) = †.
The orc attacks as you move away! The orc hits you with a +0 club.
* * * LOW HITPOINT WARNING * * *
The orc hits you with a +0 club.
* * * LOW HITPOINT WARNING * * *
The orc attacks as you move away! You block the orc's attack.
The orc priest casts a cantrip, but nothing happens.
You hit the orc but do no damage.
The orc is heavily wounded.
The orc hits you but does no damage.
The orc hits you from afar with a +0 trident!
* * * LOW HITPOINT WARNING * * *
You feel very mighty all of a sudden. The orc barely misses you.
You block the orc's attack.
You hit the orc.
You kill the orc!
The orc barely misses you.
The orc priest mumbles some strange prayers to Beogh against you.
Pain shoots through your body!
You die...

<)...............###†.........#
##.#†..........o.# ##../......#
##............##### #.......#.#
...##.............#####.#.....##.
.........##....##........#.......
.....#########...................
.....# ##o#####............
.....# #.### #####........ .....#
#o@)# #........ ###### ###.#
##)#...##. #.#### #..#####
#....###.#### ####...†....#
#........# ##.......# #.......#
#########


You could see an orc priest and an orc.

Vanquished Creatures
  5 adders
  2 worms (D:3)
  A dart slug (D:1)
  6 orcs
  7 endoplasms
  2 goblins (D:1)
  2 hobgoblins
  3 jackals (D:2)
  7 kobolds
  2 quokkas
  A ball python (D:3)
  3 bats
  4 frilled lizards
  A rat (D:1)
46 creatures vanquished.

Notes
Turn   | Place    | Note
-------+----------+-------------------------------------------
     0 | D:1      | MegasTu the Demonspawn Fighter began the quest for the Orb.
     0 | D:1      | Reached XP level 1. HP: 18/18 MP: 1/1
   108 | D:1      | Gained mutation: You regenerate magic rapidly. [demonic
                  | ancestry]
   108 | D:1      | Reached XP level 2. HP: 24/24 MP: 2/2
   554 | D:2      | Gained mutation: You have a small tail. [demonic ancestry]
   554 | D:2      | Reached XP level 3. HP: 5/29 MP: 3/3
  1379 | D:2      | Gained mutation: You are partially covered in molten
                  | scales. (AC +2) [demonic ancestry]
  1379 | D:2      | Reached XP level 4. HP: 26/35 MP: 4/4
  1875 | D:3      | Killed from afar by an orc priest

Illustrated notes

Levels and vault maps discovered:
D:1:      dpeg_arrival_houses_and_road, layout_rooms, serial_aquarium,
          aquarium_bridge_square [aquarium_subvault_bridge,
          aquarium_subvault_bridge, aquarium_subvault_wall,
          aquarium_subvault_wall], aquarium_bridge_long_separate
          [aquarium_subvault_bridge, aquarium_subvault_window,
          aquarium_subvault_bridge, aquarium_subvault_window,
          aquarium_subvault_wall, aquarium_subvault_bridge], aquarium_window_2,
          aquarium_window_fake, aquarium_view_2d, aquarium_view_2e,
          aquarium_balcony_double_4
D:2:      layout_loops_ring
D:3:      layout_rooms, kiku_gazebo_pond_becter, nicolae_elevator_lobby_asterisk

Skill      XL: |  1  2  3  4 |
---------------+-------------+-----
Long Blades    | 2 3 |  3.1
Armour         | 3 |  3.2
Shields        | 3 |  3.2
Fighting       | |  3.5

Action                     |  1- 3 |  4- 6 || total
---------------------------+-------+-------++-------
  Melee: Long sword        |    12 |    26 ||    38
         Dagger            |    13 |    37 ||    50
         Tailslap          |     2 |     8 ||    10
   Fire: Sling             |    73 |     2 ||    75
    Use: Potion            |       |     1 ||     1
 Armour: Scale mail        |    39 |    29 ||    68
  Dodge: Dodged            |    41 |    24 ||    65
  Block: Buckler           |    18 |    17 ||    35

Table legend: (Time is in decaauts)
 A = Elapsed time spent in this place.
 B = Non-inter-level travel time spent in this place.
 C = Inter-level travel time spent in this place.
 D = Time resting spent in this place.
 E = Time spent auto-exploring this place.
 F = Levels seen in this place.
 G = Mean time per level.
                   A        B        C        D        E       F      G
               +--------+--------+--------+--------+--------+-----+--------+
         Total |   1931 |   1824 |    107 |    342 |   1126 |   3 |  643.7 |
       Dungeon |   1931 |   1824 |    107 |    342 |   1126 |   3 |  643.7 |
               +--------+--------+--------+--------+--------+-----+--------+

Top non-repeatable levels by time:
     D:2: 1092 daAuts
     D:1: 558 daAuts
     D:3: 280 daAuts
